 Dungeon Crawl Stone Soup version 0.27-a0-681-g0c81a3c1c3 (webtiles) character file.

Game seed: 4784909142281640640

2 Goblin1989 the Sneak (level 1, -2/18 HPs)
             Began as a Demonspawn Delver on Mar 19, 2021.
             Slain by a river rat (7 damage)
             ... on level 3 of the Dungeon.
             The game lasted 00:02:36 (502 turns).

Goblin1989 the Sneak (Demonspawn Delver)             Turns: 502, Time: 00:02:37

Health: -2/18      AC:  3    Str: 12    XL:     1   Next: 33%
Magic:  1/1        EV: 11    Int: 11    God:
Gold:   26         SH:  0    Dex: 14    Spells: 0/0 levels left

rFire    . . .     SeeInvis .   a - +0 short sword
rCold    . . .     Faith    .   (no shield)
rNeg     . . .     Spirit   .   b - +0 leather armour
rPois    .         Reflect  .   (no helmet)
rElec    .         Harm     .   (no cloak)
rCorr    .         Rampage  .   (no gloves)
Will     .....                  (no boots)
Stlth    ++........             (no amulet)
HPRegen  0.06/turn              (no ring)
MPRegen  0.07/turn              (no ring)

@: no status effects
A: no striking features
a: no special abilities


You were on level 3 of the Dungeon.
You visited 1 branch of the dungeon, and saw 3 of its levels.

You collected 26 gold pieces.

Inventory:

Hand Weapons
 a - a +0 short sword (weapon)
Armour
 b - a +0 leather armour (worn)
Wands
 g - a wand of digging (3) {@v1}
Scrolls
 c - a scroll of fog
 e - a scroll of fear
 O - a scroll of identify {unknown}
 P - 2 scrolls of teleportation {unknown}
 Q - a scroll of blinking {unknown}
Potions
 f - a potion of haste {@q3,}
 N - a potion of degeneration {unknown}


   Skills:
 - Level 3.0 Fighting
 * Level 2.0 Short Blades
 - Level 1.7 Dodging
 + Level 4.5 Stealth


You couldn't memorise any spells.
You didn't know any spells.
Your spell library contained the following spells:

 Spells                   Type           Power      Damage    Failure   Level
 Animate Skeleton         Necr           0%         N/A       41%         1
 Apportation              Tloc           0%         N/A       41%         1
 Corona                   Hex            0%         N/A       41%         1
 Summon Small Mammal      Summ           0%         N/A       41%         1


Dungeon Overview and Level Annotations

Branches:
Dungeon (5/15)
 Temple: D:4-7

Altars:
Elyvilon

Portals:
Sewer: D:3


Message History

You see here 9 gold pieces.
You see here 9 gold pieces.
You now have 26 gold pieces (gained 9).
The shadow imp shouts!
The shadow imp sputters.
The shadow imp gestures at you. Pain shoots through your body!
Ouch! That really hurt!
* * * LOW HITPOINT WARNING * * *
You take 11 damage, and have 7/18 hp.
MASSIVE DAMAGE!!
There is a stone staircase leading up here.
You climb upwards.
Found a scroll labelled DEIMNO FITY.
There is a stone staircase leading down here.
You start resting.
HP restored.
Health restored: 18
P - 2 scrolls labelled DEIMNO FITY (gained 1)
Found 23 stones.
Unknown command.
A worm comes into view.
Found a stone staircase leading down and a stone staircase leading up.
An ooze comes into view.
Found a hand axe.
There is a stone staircase leading up here.
You climb upwards.
You hear the sound of rushing water.
There is an entrance to a sewer on this level.
Hurry and find it before the portal rusts away!
There is a stone staircase leading down here.
As you read the scroll of magic mapping, it crumbles to dust.
You feel aware of your surroundings.
You sensed 1 shop/portal.
A rat comes into view.
A ball python comes into view.
Found a leather armour.
A river rat comes into view.
A rat comes into view.
You see here a +0 leather armour.
You see here a +0 leather armour.
You hit the ball python.
The ball python is moderately wounded.
The ball python barely misses you. The ball python grabs you.
The ball python constricts you. The ball python bites you.
The ball python constricts you.
You take 3 damage, and have 15/18 hp.
You hit the ball python but do no damage.
The ball python is moderately wounded.
The ball python bites you but does no damage.
The ball python constricts you.
You take 1 damage, and have 14/18 hp.
You hit the ball python.
You kill the ball python!
You see here a ball python corpse.
You start resting.
You hear the slow rusting of a drain nearby.
You regained 2 hp, and now have 16/18 hp.
You see here a +0 leather armour.
Found a flail.
A giant cockroach comes into view.
Found a glowing drain.
Found a stone staircase leading up.
You see here a +0 leather armour.
You see here a ball python corpse.
You hit the giant cockroach but do no damage.
The giant cockroach bites you but does no damage.
You barely miss the giant cockroach. The giant cockroach closely misses you.
You hit the giant cockroach.
The giant cockroach is severely wounded.
The giant cockroach bites you but does no damage.
You barely miss the giant cockroach.
The giant cockroach is severely wounded.
The giant cockroach bites you but does no damage. x2
You barely miss the giant cockroach.
The giant cockroach is severely wounded.
The giant cockroach barely misses you.
You hit the giant cockroach.
You kill the giant cockroach!
Your Short Blades skill increases to level 2!
You see here a +0 leather armour.
The river rat twitches its whiskers.
You hit the river rat.
The river rat is lightly wounded.
The river rat closely misses you.
You hit the river rat but do no damage.
The river rat is lightly wounded.
The river rat bites you.
You take 2 damage, and have 15/18 hp.
You hit the river rat but do no damage.
The river rat is lightly wounded.
The river rat bites you.
You take 4 damage, and have 11/18 hp.
MASSIVE DAMAGE!!
You hit the river rat but do no damage.
The river rat is lightly wounded.
The river rat bites you but does no damage.
You hit the river rat but do no damage.
The river rat is lightly wounded.
The river rat bites you!
* * * LOW HITPOINT WARNING * * *
You take 7 damage, and have 5/18 hp.
MASSIVE DAMAGE!!
You hit the river rat but do no damage. The river rat bites you!
You die...

·······.....·············▓····▓
▓▓▓██████..█▓▓▓▓·▓▓▓▓▓·▓▓▓▓▓▓▓▓
█......>█▓·······▓▓·▓
█.......█▓··.r······▓
█.......██....··▓▓▓▓▓
█.............▓·▓
█......████████·▓
█.........†[..█·▓
█.......█████@█·▓ ███████.█▓▓
█r█·▓▓▓▓▓▓▓▓▓
█..·▓▓█r█·········▓
▓▓█S█.▓█..█▓▓▓▓▓▓▓▓·▓
▓·......)..·······▓·▓
▓·..........·▓▓▓▓·▓·▓
▓·..≈≈≈....<.···▓·▓·▓
▓..≈≈≈≈≈...███▓·▓·▓·▓
▓·.≈≈∩≈≈....····▓·▓·▓


You could see a river rat and a rat.

Vanquished Creatures
  A giant cockroach (D:3)
  A ball python (D:3)
  A leopard gecko zombie (D:5)
3 creatures vanquished.

Notes
Turn   | Place    | Note
-------+----------+-------------------------------------------
     0 | D:5      | Goblin1989 the Demonspawn Delver began the quest for the
                  | Orb.
     0 | D:5      | Reached XP level 1. HP: 18/18 MP: 1/1
   156 | D:5      | Noticed a hound
   475 | D:3      | Found a glowing drain.
   502 | D:3      | Slain by a river rat

Illustrated notes

Levels and vault maps discovered:
D:3:      wad_lake_hut, layout_basic, portal_sewer_entry_a
D:4:      layout_cave_pods, okawaru_trees_1
D:5:      layout_cave_pods, grunt_ministairs_11, elyvilon_altar_5

Skill      XL: |  1 |
---------------+----+-----
Short Blades   | 2 |  2.0
Fighting       | |  3.0
Dodging        | |  1.7
Stealth        | |  4.5

Action                   || total
-------------------------++-------
Melee: Short sword       ||    18
  Use: Scroll            ||     1
Armor: Leather armour    ||     6
Dodge: Dodged            ||     5

Table legend: (Time is in decaauts)
 A = Elapsed time spent in this place.
 B = Non-inter-level travel time spent in this place.
 C = Inter-level travel time spent in this place.
 D = Time resting spent in this place.
 E = Time spent auto-exploring this place.
 F = Levels seen in this place.
 G = Mean time per level.
                   A        B        C        D        E       F      G
               +--------+--------+--------+--------+--------+-----+--------+
         Total |    501 |    501 |      0 |    229 |      0 |   3 |  167.0 |
       Dungeon |    501 |    501 |      0 |    229 |      0 |   3 |  167.0 |
               +--------+--------+--------+--------+--------+-----+--------+

Top non-repeatable levels by time:
     D:5: 220 daAuts
     D:4: 200 daAuts
     D:3: 80 daAuts
